 Dungeon Crawl Stone Soup version 0.30.0-10-gfe55d96785 (webtiles) character file.

Game seed: 13827478279316077354

18 Twinkles the Cutter (level 2, -2/26 HPs)
             Began as a Naga Reaver on May 14, 2023.
             Was a Follower of Makhleb.
             Slain by a worm (6 damage)
             ... on level 2 of the Dungeon.
             The game lasted 00:05:05 (1359 turns).

Twinkles the Cutter (Naga Reaver)                   Turns: 1359, Time: 00:05:06

Health: -2/26      AC:  3    Str: 14    XL:     2   Next: 66%
Magic:  14/14      EV:  8    Int: 13    God:    Makhleb [*.....]
Gold:   64         SH:  0    Dex:  9    Spells: 4/5 levels left

rFire   . . .        a - +0 short sword
rCold   . . .        (no shield)
rNeg    . . .        j - +0 ring mail
rPois   +            (no helmet)
rElec   .            (no cloak)
rCorr   .            (no gloves)
SInv    +            (no barding)
Will    .....        (no amulet)
Stlth   +            k - ring of magical power
HPRegen 0.24/turn    (no ring)
MPRegen 0.14/turn

%: no passive effects
@: very slow
A: AC +0, large, see invisible, deformed body, poison resistance, slowness 2,
spit poison 1, naga tail 1
a: Spit Poison, Renounce Religion


You were on level 2 of the Dungeon.
You worshipped Makhleb.
Makhleb was aware of your devotion.
You visited 1 branch of the dungeon, and saw 2 of its levels.

You collected 64 gold pieces.

Inventory:

Hand Weapons
 a - a +0 short sword (weapon)
Armour
 b - a +0 leather armour
 j - a +0 ring mail (worn)
Jewellery
 k - a ring of magical power (left hand)
Scrolls
 c - a scroll of amnesia {unknown}
 f - a scroll of identify {unknown}
 i - a scroll of blinking {unknown}
 Y - 3 scrolls of teleportation
Potions
 d - 2 potions of mutation {unknown}
 e - 2 potions of curing {unknown}
 g - a potion of invisibility {unknown}
 h - a potion of lignification {unknown}
 l - a potion of degeneration {unknown}
 m - a potion of ambrosia {unknown}


   Skills:
 + Level 2.2 Fighting
 + Level 3.2 Short Blades
 + Level 1.8 Dodging
 + Level 2.1 Stealth
 - Level 2.0 Spellcasting
 - Level 3.0 Conjurations


You had 4 spell levels left.
You knew the following spells:

 Your Spells              Type           Power      Damage    Failure   Level
a - Kiss of Death         Conj/Necr      20%        2d7       28%         1

Your spell library contained the following spells:

 Spells                   Type           Power      Damage    Failure   Level
 Momentum Strike          Conj/Tloc      10%        3d8       38%         2
 Summon Small Mammal      Summ           4%         N/A       45%         1
 Hailstorm                Conj/Ice       5%         3d4       63%         3
 Call Canine Familiar     Summ           1%         N/A       83%         3
 Summon Guardian Golem    Hex/Summ       1%         N/A       83%         3


Dungeon Overview and Level Annotations

Branches:
Dungeon (2/15) Zot: 10232

Altars:
Makhleb


Innate Abilities, Weirdness & Mutations

Your serpentine skin is tough. (AC +0)
You have supernaturally acute eyesight. (SInv)
Armour fits poorly on your strangely shaped body.
Your system is resistant to poisons. (rPois)
You cover ground very slowly.
You can spit poison.
You have a snake-like lower body.


Message History

You have got your breath back.
You hit the worm but do no damage.
The worm is lightly wounded.
The worm bites you but does no damage.
You hit the worm.
The worm is moderately wounded.
You hit the worm.
The worm is heavily wounded.
The worm bites you.
You hit the worm but do no damage.
The worm is moderately wounded.
You hit the worm.
The worm is heavily wounded.
The worm bites you.
Aiming: Spit Poison (2% risk of failure)
Press: ? - help, Q - select action, (/) - cycle Shift-Dir - straight line, f/p - worm
Aim: a worm (heavily wounded, 86% to hit)
The splash of poison hits the worm.
The worm is poisoned.
The worm is severely wounded.
You hit the worm.
The worm is severely wounded.
The worm bites you.
* * * LOW HITPOINT WARNING * * *
Casting: Kiss of Death (safe; 28% risk of failure)
Confirm with . or Enter, or press ? or * to list all spells.
Okay, then.
Unknown command.
You hit the worm.
The worm is severely wounded.
You hit the worm but do no damage.
The worm is almost dead.
The worm bites you.
* * * LOW HITPOINT WARNING * * *
You barely miss the worm.
The worm is almost dead.
You barely miss the worm.
The worm is almost dead.
You have got your breath back.
The worm looks more healthy.
The worm bites you.
You die...

##+# #...# .....#
##.# ......# .#.#
....... ....#
....... ....#
......w####....#
#@.....#.##
#..?..#...#
#..........
##+####.....#...#
########
#...........# .##
#......#
#..###.##.###
..####.# #..###.##.#
#.####.###...##.##.#
..>...........#.##.#


You could see a worm.

Vanquished Creatures
  An endoplasm (D:2)
  2 hobgoblins (D:1)
  2 jackals (D:1)
  A quokka (D:1)
  2 ball pythons (D:1)
  3 frilled lizards (D:1)
  A goblin (D:1)
  A kobold (D:1)
  6 rats
19 creatures vanquished.

Notes
Turn   | Place    | Note
-------+----------+-------------------------------------------
     0 | D:1      | Twinkles the Naga Reaver began the quest for the Orb.
     0 | D:1      | Reached XP level 1. HP: 19/19 MP: 3/3
   137 | D:1      | Reached skill level 1 in Stealth
   226 | D:1      | Reached XP level 2. HP: 23/26 MP: 5/5
   453 | D:1      | Found a faded altar of an unknown god.
   637 | D:1      | Prayed at the altar of an unknown god.
   637 | D:1      | Became a worshipper of Makhleb the Destroyer
   637 | D:1      | Reached * piety under Makhleb
  1355 | D:2      | HP: 5/26 [worm (6)]
  1359 | D:2      | Slain by a worm

Illustrated notes

Levels and vault maps discovered:
D:1:      dpeg_arrival_houses_and_road, layout_loops_ring,
          shapermc_ecumenical_altar_acropolis
D:2:      layout_loops_corners

Skill      XL: |  1  2 |
---------------+-------+-----
Stealth        | 1 2 |  2.1
Fighting       | |  2.2
Short Blades   | |  3.2
Dodging        | |  1.8
Spellcasting   | |  2.0
Conjurations   | |  3.0

Action                     || total
---------------------------++-------
  Melee: Short sword       ||    87
         Punch             ||     1
Ability: Spit Poison       ||     7
    Use: Scroll            ||     1
 Armour: Leather armour    ||     5
         Ring mail         ||     3
  Dodge: Dodged            ||    31
